 Dungeon Crawl Stone Soup version 0.30-a0-341-g682706514a (webtiles) character file.

Game seed: 910499030533595560

17575 MrRokkomies the Fighter (level 12, 0/119 HPs)
             Began as an Armataur Gladiator on Nov 4, 2022.
             Was an Initiate of Gozag.
             Slain by a freezing wraith (6 damage)
             ... led by a death knight
             ... on level 12 of the Dungeon.
             The game lasted 00:21:20 (13064 turns).

MrRokkomies the Fighter (Armataur Gladiator)       Turns: 13064, Time: 00:21:22

Health: 0/119      AC: 11    Str: 25    XL:     12   Next: 20%
Magic:  12/12      EV: 11    Int: 19    God:    Gozag
Gold:   160        SH:  0    Dex: 15    Spells: 11/11 levels left

rFire   + + .      SeeInvis .    a - +5 broad axe of Ru's Envy {venom, Fly rF+ Int+4}
rCold   + + .      Faith    .    (no shield)
rNeg    + . .      Spirit   .    G - +3 scale mail of Leaves {Dex+4}
rPois   .          Reflect  .    E - +0 hat of the Scribe {rElec rCorr Int+6 Stlth-}
rElec   +          Harm     .    g - scarf {rC+ rF+}
rCorr   +          Roll     +    (no gloves)
Will    .....                    (no barding)
Stlth   ..........               n - amulet of regeneration
HPRegen 1.19/turn                v - ring of positive energy
MPRegen 0.13/turn                F - ring of protection from cold

@: flying, slowed, very slow
A: large, rugged brown scales 3, deformed body, armoured tail, roll, long
tongue, awkward tongue
a: Renounce Religion, Potion Petition, Call Merchant, Bribe Branch


You were on level 12 of the Dungeon.
You worshipped Gozag.
Gozag was aware of your devotion.
You visited 1 branch of the dungeon, and saw 12 of its levels.

You collected 2898 gold pieces.
You spent 792 gold pieces at shops.
You paid 1946 gold pieces to Gozag.

Inventory:

Hand Weapons
 a - the +5 broad axe of Ru's Envy (weapon) {venom, Fly rF+ Int+4}
   (You bought it in a shop on level 6 of the Dungeon)

   It poisons the flesh of those it strikes.
   Int:       It affects your intelligence (+4).
   rF:        It protects you from fire.
   Fly:       It grants you flight.
 t - a +0 quarterstaff of freezing
 B - a +2 dagger of electrocution
Missiles
 e - a javelin
 h - 25 poisoned darts (quivered)
 i - 3 throwing nets
Armour
 g - a scarf of resistance (worn)
 E - the +0 hat of the Scribe (worn) {rElec rCorr Int+6 Stlth-}
   (You found it on level 8 of the Dungeon)

   Int:       It affects your intelligence (+6).
   rElec:     It insulates you from electricity.
   rCorr:     It protects you from acid and corrosion.
   Stlth:     It makes you less stealthy.
 G - the +3 scale mail of Leaves (worn) {Dex+4}
   (You bought it in a shop on level 6 of the Dungeon)

   Dex:       It affects your dexterity (+4).
Jewellery
 n - an amulet of regeneration (around neck)
 u - a ring of ice
 v - a ring of positive energy (left hand)
 F - a ring of protection from cold (right hand)
Wands
 f - a wand of acid (38)
 j - a wand of flame (14)
 w - a wand of paralysis (17)
 y - a wand of digging (6)
 z - a wand of polymorph (9)
 A - a wand of roots (2)
Scrolls
 x - 2 scrolls of enchant weapon
 D - a scroll of butterflies
 H - 2 scrolls of identify
 I - 2 scrolls of enchant armour
Potions
 b - a potion of attraction
 d - 2 potions of mutation
 l - a potion of lignification
 m - 3 potions of might
 q - a potion of invisibility
 r - 2 potions of resistance
 s - a potion of flight
 C - 2 potions of curing
Miscellaneous
 c - a phial of floods


   Skills:
 * Level 11.8 Fighting
 * Level 7.9 Axes
 - Level 2.6 Staves
 - Level 1.7 Throwing
 + Level 10.6 Armour
 + Level 7.3 Dodging


You had 11 spell levels left.
You didn't know any spells.
Your spell library contained the following spells:

 Spells                   Type           Power      Damage    Failure   Level
 Apportation              Tloc           0%         N/A       38%         1
 Magic Dart               Conj           0%         1d3       38%         1
 Blink                    Tloc           0%         N/A       52%         2
 Call Imp                 Summ           0%         N/A       52%         2
 Momentum Strike          Conj/Tloc      0%         3d8       52%         2
 Searing Ray              Conj           0%         2d4       52%         2
 Lesser Beckoning         Tloc           0%         N/A       77%         3
 Mephitic Cloud           Conj/Pois/Air  0%         N/A       77%         3
 Fulminant Prism          Conj/Hex       0%         3d5       99%         4
 Alistair's Intoxication  Tmut/Pois      0%         N/A       100%        5
 Blade Hands              Tmut           0%         N/A       100%        5
 Irradiate                Conj/Tmut      0%         3d11      100%        5
 Summon Forest            Summ/Tloc      0%         N/A       100%        5
 Summon Mana Viper        Hex/Summ       0%         N/A       100%        5
 Summon Cactus Giant      Summ           0%         N/A       100%        6
 Dragon Form              Tmut           0%         N/A       100%        7


Dungeon Overview and Level Annotations

Branches:
Dungeon (12/15)            Temple (0/1) D:4            Lair (0/5) D:8
    Orc (0/2) D:12

Altars:
Dithmenos
Elyvilon
Fedhas
Gozag
Sif Muna
Xom
Yredelemnul
The Shining One

Shops:
D:6 *   D:7 *   D:10 ?*   D:12 ([

Annotations:
D:3 3 runed translucent doors, Harunobu's ghost, amateur GrMo
D:7 1 runed translucent door, matvey144's ghost, novice AtFi
D:10 3 runed translucent doors, Engwar's ghost, journeyman DrVM


Innate Abilities, Weirdness & Mutations

You are completely covered in rugged brown scales. (AC +3, +7% HP)
Armour fits poorly on your strangely shaped body.
You have a long armoured tail.
You roll when moving toward enemies. (Rampage)
Your long tongue fully drains potion bottles. (2x potion effects)
Your tongue gives you trouble enunciating. (1.5x scroll delay)


Message History

The freezing wraith closely misses you. The vampire mosquito bites you.
The vampire mosquito draws strength from your injuries!
The vampire mosquito barely misses you. The vampire mosquito bites you.
The vampire mosquito draws strength from your injuries!
The vampire mosquito bites you. The freezing wraith barely misses you.
The freezing wraith hits you!
* * * LOW HITPOINT WARNING * * *
The freezing wraith drains your vigour!
You feel as though you will be slow longer.
The vampire mosquito bites you but does no damage.
The vampire mosquito closely misses you.
Unknown command.
As you slowly read the scroll labelled VOGODO FIASS, it crumbles to dust.
It is a scroll of enchant armour.
You aren't carrying any armour which can be enchanted further.
The vampire mosquito bites you but does no damage.
The vampire mosquito bites you.
* * * LOW HITPOINT WARNING * * *
The vampire mosquito bites you.
* * * LOW HITPOINT WARNING * * *
The vampire mosquito barely misses you. The vampire mosquito bites you!
* * * LOW HITPOINT WARNING * * *
The vampire mosquito draws strength from your injuries!
The vampire mosquito barely misses you.
The vampire mosquito closely misses you.
The vampire mosquito bites you but does no damage.
The vampire mosquito closely misses you.
The vampire mosquito misses you. x2; The vampire mosquito bites you.
* * * LOW HITPOINT WARNING * * *
The vampire mosquito draws strength from your injuries!
The freezing wraith hits you.
* * * LOW HITPOINT WARNING * * *
The freezing wraith freezes you. You resist.
* * * LOW HITPOINT WARNING * * *
The freezing wraith misses you.
The vampire mosquito closely misses you.
The vampire mosquito bites you but does no damage.
The freezing wraith hits you.
You die...
Your body crumbles into a pile of gold.

≈##Y##≈.....
........ ..
....... $ #.
#.....#
#.####.....##.
#.............
#.............
#.............
#...yy........
#..W@y........
#....y........
######....###.
##### ######
#.... #....
#.... #....
#.... #....


You could see a freezing wraith and 4 vampire mosquitoes.

Vanquished Creatures
  A centaur warrior (D:9)
  3 two-headed ogres
  2 boulder beetles (D:11)
  A death knight (D:12)
  A skeletal warrior (D:12)
  A phantasmal warrior (D:12)
  A cyclops (D:12)
  A manticore (D:12)
  Joseph (D:9)
  A kobold demonologist (D:10)
  An unseen horror (D:11)
  A komodo dragon (D:10)
  A freezing wraith (D:12)
  4 trolls
  Grinder (D:3)
  A spriggan (D:8)
  A wraith (D:12)
  2 shadows (D:11)
  A human (shapeshifter) (D:9)
  Grum (D:8)
  A wyvern (D:10)
  12 yaks
  4 steam dragons
  2 vampire mosquitoes (D:10)
  3 water moccasins
  Duvessa (D:5)
  12 orc warriors
  3 ice beasts
  A sky beast (D:7)
  A black bear (D:4)
  4 wolves (D:8)
  5 centaurs
  A phantom (D:7)
  A kobold brigand (D:11)
  2 bullfrogs
  5 scorpions
  A gnoll sergeant (D:9)
  11 wights
  Dowan (D:5)
  12 killer bees
  7 howler monkeys
  4 hounds
  4 jellies
  8 orc priests
  Jessica (D:2)
  Terence (D:3)
  4 iguanas
  9 orc wizards
  Robin (D:4)
  5 gnolls (D:9)
  9 adders
  An ufetubus (D:6)
  An adder skeleton (D:2)
  2 adder zombies (D:2)
  6 dart slugs
  50 orcs
  11 ball pythons
  5 bats
  2 bat zombies (D:2)
  8 endoplasms
  3 giant cockroaches
  20 goblins
  10 hobgoblins
  3 quokkas
  3 ball python skeletons (D:2)
  A ball python zombie (D:2)
  4 frilled lizards
  A giant cockroach zombie (D:3)
  13 kobolds
  2 quokka zombies
  3 rats
312 creatures vanquished.

Vanquished Creatures (others)
  A goblin (D:4)
  3 fungi (D:10)
  A plant (D:10)
5 creatures vanquished.

Grand Total: 317 creatures vanquished

Notes
Turn   | Place    | Note
-------+----------+-------------------------------------------
     0 | D:1      | MrRokkomies the Armataur Gladiator began the quest for the
                  | Orb.
     0 | D:1      | Reached XP level 1. HP: 18/18 MP: 1/1
    61 | D:1      | Reached skill level 2 in Fighting
   102 | D:1      | Reached XP level 2. HP: 24/25 MP: 2/2
   131 | D:1      | Reached skill level 1 in Armour
   738 | D:1      | Reached XP level 3. HP: 32/32 MP: 3/3
  1003 | D:2      | Found a faded altar of an unknown god.
  1053 | D:2      | Noticed Jessica
  1073 | D:2      | HP: 1/32 [Jessica/+0 dagger (3)]
  1074 | D:2      | Killed Jessica
  1075 | D:2      | Reached skill level 3 in Fighting
  1075 | D:2      | Reached XP level 4. HP: 2/40 MP: 4/4
  1440 | D:2      | Prayed at the altar of an unknown god.
  1440 | D:2      | Became a worshipper of Gozag Ym Sagoz the Greedy
  1865 | D:3      | Noticed Grinder
  1869 | D:3      | Paralysed by Grinder for 4 turns
  1902 | D:3      | Paralysed by Grinder for 4 turns
  1906 | D:3      | Killed Grinder
  1907 | D:3      | Reached skill level 4 in Fighting
  1907 | D:3      | Reached XP level 5. HP: 25/50 MP: 5/5
  1907 | D:3      | Reached XP level 6. HP: 28/56 MP: 6/6
  2349 | D:3      | Found a runed translucent gate.
  2349 | D:3      | Found a runed translucent gate.
  2349 | D:3      | Found a runed translucent gate.
  2349 | D:3      | Noticed Harunobu's ghost (amateur GrMo)
  2351 | D:3      | Found a basalt altar of Yredelemnul.
  2579 | D:3      | Noticed Terence
  2585 | D:3      | Killed Terence
  2793 | D:4      | Noticed Robin
  2819 | D:4      | Killed Robin
  2988 | D:4      | Reached skill level 5 in Fighting
  3263 | D:4      | Reached XP level 7. HP: 65/65 MP: 7/7
  3479 | D:4      | Found a staircase to the Ecumenical Temple.
  3865 | D:5      | Entered Level 5 of the Dungeon
  3925 | D:5      | Noticed Dowan
  3926 | D:5      | Noticed Duvessa
  3938 | D:5      | Reached skill level 6 in Fighting
  3938 | D:5      | Reached skill level 5 in Armour
  3945 | D:5      | Reached XP level 8. HP: 31/74 MP: 8/8
  3950 | D:5      | Killed Dowan
  3978 | D:5      | Killed Duvessa
  4261 | D:5      | Reached skill level 7 in Fighting
  5331 | D:6      | Reached skill level 5 in Dodging
  5331 | D:6      | Reached XP level 9. HP: 82/86 MP: 9/9
  5728 | D:7      | Found a shimmering altar of Xom.
  5872 | D:7      | Reached skill level 8 in Fighting
  6097 | D:6      | Bought an iridescent broad axe for 297 gold pieces
  6097 | D:6      | Identified the +5 broad axe of Ru's Envy {venom, Fly rF+
                  | Int+4} (You bought it in a shop on level 6 of the Dungeon)
  6134 | D:7      | Found a shadowy altar of Dithmenos.
  6279 | D:7      | Reached skill level 1 in Axes
  6417 | D:7      | Found a white marble altar of Elyvilon.
  6417 | D:7      | Found a blossoming altar of Fedhas.
  6540 | D:7      | Found Bytitauhe's Neck Hole.
  6655 | D:7      | Found a runed translucent door.
  6655 | D:7      | Noticed matvey144's ghost (novice AtFi)
  7500 | D:8      | Reached skill level 9 in Fighting
  7585 | D:8      | Noticed Grum
  7600 | D:8      | Killed Grum
  7758 | D:8      | Reached XP level 10. HP: 84/97 MP: 10/10
  8287 | D:8      | Identified the +0 hat of the Scribe {rElec rCorr Int+6
                  | Stlth-}
  8448 | D:8      | Found a staircase to the Lair.
  8526 | D:6      | Bought a scroll labelled XOUMON HIAHE for 33 gold pieces
  8526 | D:6      | Bought a silver ring for 165 gold pieces
  8526 | D:6      | Bought a dazzling scale mail for 297 gold pieces
  8526 | D:6      | Identified the +3 scale mail of Leaves {Dex+4} (You bought
                  | it in a shop on level 6 of the Dungeon)
  8769 | D:9      | Found a glowing golden altar of the Shining One.
  8974 | D:8      | HP: 4/97 [steam dragon/ball of steam (6)]
  9124 | D:9      | Noticed a centaur warrior
  9137 | D:9      | Killed a centaur warrior
  9152 | D:9      | Noticed Joseph
  9351 | D:9      | Killed Joseph
  9352 | D:9      | Reached skill level 10 in Fighting
  9524 | D:9      | Reached skill level 5 in Axes
 10040 | D:10     | Entered Level 10 of the Dungeon
 10471 | D:10     | Noticed a two-headed ogre
 10478 | D:10     | Killed a two-headed ogre
 10479 | D:10     | Reached XP level 11. HP: 62/108 MP: 11/11
 10651 | D:10     | Found Osogg's Magic Scroll Shoppe.
 10751 | D:10     | Found Fbuum's Fabulous Fripperies.
 10797 | D:10     | Found a shimmering blue altar of Sif Muna.
 10840 | D:10     | Found a runed translucent gate.
 10840 | D:10     | Found a runed translucent gate.
 10840 | D:10     | Found a runed translucent gate.
 10841 | D:10     | Noticed Engwar's ghost (journeyman DrVM)
 10939 | D:10     | Noticed a two-headed ogre
 10945 | D:10     | Killed a two-headed ogre
 11449 | D:11     | Noticed a boulder beetle
 11453 | D:11     | Killed a boulder beetle
 11515 | D:11     | Reached skill level 11 in Fighting
 11708 | D:11     | Noticed a boulder beetle
 11722 | D:11     | Killed a boulder beetle
 11723 | D:11     | Reached skill level 10 in Armour
 11884 | D:11     | Identified the +9 sling "Ehukeid" {vorpal, Will+}
 12256 | D:12     | Found Deonoucs's Armour Emporium.
 12257 | D:12     | Found a staircase to the Orcish Mines.
 12264 | D:12     | Found Ulien's Weapon Emporium.
 12358 | D:12     | Noticed a two-headed ogre
 12360 | D:12     | Noticed a phantasmal warrior
 12367 | D:12     | Killed a two-headed ogre
 12373 | D:12     | Killed a phantasmal warrior
 12389 | D:12     | Noticed a death knight
 12517 | D:12     | Killed a death knight
 12518 | D:12     | Reached XP level 12. HP: 67/117 MP: 12/12
 13041 | D:12     | Noticed a death knight
 13041 | D:12     | Noticed a death knight
 13042 | D:12     | Noticed an apis
 13064 | D:12     | Slain by a freezing wraith

Illustrated notes

Levels and vault maps discovered:
D:1:      lightli_arrival_statue_moat, layout_loops_ring
D:2:      layout_rooms, serial_undead, serial_undead_a, serial_undead_c,
          serial_undead_e, serial_undead_a, serial_undead_b, serial_undead_b,
          hellmonk_ecumenical_altar_leap_of_faith,
          minmay_randomly_rotated_circles, uniq_jessica
D:3:      layout_basic, nicolae_yredelemnul_ghost_church, uniq_terence,
          uniq_grinder
D:4:      layout_loops_corners, temple_fountains, minmay_stone_trees_medium,
          uniq_robin
D:5:      layout_basic, uniq_duvessa
D:6:      layout_basic
D:7:      layout_basic, nicolae_dithmenos_shadow_blocks, kennysheep_little_box,
          jmf_multi_god_temple, gammafunk_ghost_grave,
          nicolae_shop_sticking_my_neck_out
D:8:      layout_basic, lair_entry_dummy,
          nicolae_concentric_dashed_squares_mild, the_hattery, uniq_grum
D:9:      layout_irregular_city, tso_altar, minmay_microvault, uniq_joseph
D:10:     layout_loops_corners, kennysheep_mini, serial_shops, shop,
          gammafunk_ghost_nasty_kobolds, serial_rivers,
          chequers_serial_rivers_micro_b, chequers_serial_rivers_marsh,
          chequers_serial_rivers_large_b, chequers_serial_rivers_micro_e,
          chequers_serial_rivers_marsh, nicolae_alphabet_shops,
          nicolae_two_hexagons
D:11:     layout_rooms, minmay_orc_keep
D:12:     dreamdust_under_siege, layout_stronghold, orc_david_3,
          ebering_ghost_disaster_area

Skill      XL: |  1  2  3  4  5  6  7  8  9 10 11 |
---------------+----------------------------------+-----
Fighting       | 2 3 4 5 6 7 9 10 11 | 11.8
Armour         | 1 2 3 4 5 6 8 9 10 | 10.6
Dodging        | 3 4 5 6 7 |  7.3
Axes           | 3 5 7 |  7.9
Staves         | |  2.6
Throwing       | |  1.7

Action                   |  1- 3 |  4- 6 |  7- 9 | 10-12 || total
-------------------------+-------+-------+-------+-------++-------
Melee: Quarterstaff      |    79 |   203 |     7 |       ||   289
       Tailslap          |     4 |    27 |    36 |    66 ||   133
       Dagger            |       |       |   199 |       ||   199
       Broad axe         |       |       |    79 |   348 ||   427
       Punch             |       |       |     3 |     4 ||     7
Throw: Throwing net      |       |     3 |       |       ||     3
       Dart              |       |     7 |     8 |     8 ||    23
Invok: Call Merchant     |       |       |     1 |       ||     1
       Potion Petition   |       |       |       |     3 ||     3
Evoke: Wand              |       |       |       |     4 ||     4
  Use: Scroll            |     2 |     8 |     3 |    18 ||    31
       Potion            |     1 |     1 |     6 |     3 ||    11
 Stab: Distracted        |       |       |     1 |     1 ||     2
Armor: Leather armour    |    36 |    29 |       |       ||    65
       Chain mail        |       |    47 |   177 |    12 ||   236
       Scale mail        |       |    29 |       |   195 ||   224
       Skin              |       |       |    16 |       ||    16
Dodge: Dodged            |    31 |   105 |   140 |   272 ||   548

Table legend: (Time is in decaauts)
 A = Elapsed time spent in this place.
 B = Non-inter-level travel time spent in this place.
 C = Inter-level travel time spent in this place.
 D = Time resting spent in this place.
 E = Time spent auto-exploring this place.
 F = Levels seen in this place.
 G = Mean time per level.
                   A        B        C        D        E       F      G
               +--------+--------+--------+--------+--------+-----+--------+
         Total |  13287 |  12721 |    566 |   2024 |   8416 |  12 | 1107.2 |
       Dungeon |  13287 |  12721 |    566 |   2024 |   8416 |  12 | 1107.2 |
               +--------+--------+--------+--------+--------+-----+--------+

Top non-repeatable levels by time:
     D:8: 1783 daAuts
     D:7: 1470 daAuts
    D:10: 1436 daAuts
     D:4: 1124 daAuts
     D:9: 1091 daAuts
     D:6: 1041 daAuts
     D:3: 972 daAuts
     D:2: 941 daAuts
    D:12: 915 daAuts
     D:1: 879 daAuts
     D:5: 878 daAuts
    D:11: 750 daAuts
